 Dungeon Crawl Stone Soup version 0.27-a0-1184-ge86db4a01e (webtiles) character file.

Game seed: 3707766338723076066

184 Wyvernaa the Shield-Bearer (level 5, -4/42 HPs)
             Began as a Formicid Fighter on May 19, 2021.
             Slain by a scorpion (8 damage)
             ... on level 4 of the Dungeon.
             The game lasted 00:06:17 (3168 turns).

Wyvernaa the Shield-Bearer (Formicid Fighter)       Turns: 3168, Time: 00:06:17

Health: -4/42      AC:  8    Str: 21    XL:     5   Next: 96%
Magic:  5/5        EV:  8    Int:  7    God:
Gold:   121        SH:  9    Dex: 11    Spells: 4/4 levels left

rFire    . . .     SeeInvis +   a - +0 trident
rCold    . . .     Faith    .   c - +0 kite shield
rNeg     . . .     Spirit   .   b - +0 scale mail
rPois    .         Reflect  .   (helmet unavailable)
rElec    .         Harm     .   (no cloak)
rCorr    +         Rampage  .   g - +0 pair of gloves
Will     .....                  (no boots)
Stlth    ..........             (no amulet)
HPRegen  0.14/turn              h - ring of resist corrosion
MPRegen  0.09/turn              (no ring)

@: lethally poisoned (-4 -> -13)
A: permanent stasis, dig shafts and tunnels, antennae 3, four strong arms
a: Dig, Shaft Self


You were on level 4 of the Dungeon.
You visited 1 branch of the dungeon, and saw 4 of its levels.

You collected 121 gold pieces.

Inventory:

Hand Weapons
 a - a +0 trident (weapon)
Armour
 b - a +0 scale mail (worn)
 c - a +0 kite shield (worn)
 g - a +0 pair of gloves (worn)
Jewellery
 f - a ring of protection from cold
 h - a ring of resist corrosion (left hand)
Scrolls
 i - a scroll of fear
 j - 2 scrolls of magic mapping
 m - a scroll of vulnerability {unknown}
Potions
 d - 3 potions of might
 e - 2 potions of curing
 k - a potion of cancellation
 l - 2 potions of heal wounds {unknown}


   Skills:
 + Level 3.8 Fighting
 * Level 4.2 Polearms
 + Level 3.9 Armour
 + Level 0.8 Dodging
 * Level 4.5 Shields


You had 4 spell levels left.
You didn't know any spells.
Your spell library was empty.

Dungeon Overview and Level Annotations

Branches:
Dungeon (4/15)
 Temple: D:4-7

Altars:
Xom

Annotations:
D:3 Sigmund
D:4 Eustachio


Innate Abilities, Weirdness & Mutations

You cannot be hasted, slowed, berserked, paralysed or teleported.
You can dig through walls and to a lower floor.
You have a pair of large antennae on your head. (SInv)
Your four strong arms can wield two-handed weapons with a shield.


Message History

Your shield prevents you from hitting the scorpion.
The scorpion stings you! You block the scorpion's attack.
You hit the scorpion.
The scorpion is lightly wounded.
You block the scorpion's attack.
You hit the scorpion.
The scorpion is heavily wounded.
You block the scorpion's attack.
You hit the scorpion.
The scorpion is almost dead.
The scorpion stings you.
You are poisoned.
The scorpion poisons you! The scorpion barely misses you.
You hit the scorpion.
The scorpion is almost dead.
You feel very sick. You block the scorpion's attack.
You hit the scorpion but do no damage.
The scorpion is almost dead.
You feel very sick. The scorpion stings you.
You are lethally poisoned!
The scorpion poisons you! The scorpion closely misses you.
You closely miss the scorpion.
The scorpion is almost dead.
You feel very sick. The scorpion stings you.
* * * LOW HITPOINT WARNING * * *
The scorpion stings you but does no damage.
You completely miss the scorpion.
The scorpion is almost dead.
* * * LOW HITPOINT WARNING * * *
You feel very sick. You block the scorpion's attack.
You hit the scorpion but do no damage.
The scorpion is almost dead.
* * * LOW HITPOINT WARNING * * *
You feel very sick. The scorpion stings you!
You die...

##.# ########.##
#.....#)#.#
###.....†###.
###.......## #.
##...#.....# ##.
#..###.....###..
#######.##
###.####...
#...s@..# ###.#
#.## #..#######
#...# #.# #.#
#...# ..# ...
....# ..## ..s
#...##.# #...#
####.#..# ....
#####<.....# ...
...#....O##.###
#.......##.#


You could see a scorpion.

Vanquished Creatures
  A centaur skeleton (D:3)
  An orc priest (D:3)
  A gnoll (D:3)
  4 adders
  An adder skeleton (D:4)
  A worm (D:2)
  4 dart slugs
  4 orcs (D:3)
  6 ball pythons
  3 bats
  4 endoplasms
  A giant cockroach (D:3)
  4 goblins
  5 hobgoblins
  5 jackals
  4 kobolds
  2 quokkas
  4 frilled lizards
  10 rats
65 creatures vanquished.

Vanquished Creatures (others)
  2 plants (D:1)
2 creatures vanquished.

Grand Total: 67 creatures vanquished

Notes
Turn   | Place    | Note
-------+----------+-------------------------------------------
     0 | D:1      | Wyvernaa the Formicid Fighter began the quest for the Orb.
     0 | D:1      | Reached XP level 1. HP: 18/18 MP: 1/1
   300 | D:1      | Reached XP level 2. HP: 24/24 MP: 2/2
   378 | D:1      | Found a faded altar of an unknown god.
  1064 | D:2      | Reached XP level 3. HP: 29/29 MP: 3/3
  1290 | D:2      | Reached XP level 4. HP: 31/37 MP: 4/4
  2278 | D:3      | Reached XP level 5. HP: 35/42 MP: 5/5
  2352 | D:3      | Noticed Sigmund
  2900 | D:4      | Noticed an ogre
  2960 | D:4      | Found a shimmering altar of Xom.
  2960 | D:4      | Noticed Eustachio
  3168 | D:4      | Slain by a scorpion

Illustrated notes

Levels and vault maps discovered:
D:1:      dpeg_arrival_round_a, layout_basic,
          hellmonk_ecumenical_altar_arch_garden, kennysheep_boxes
D:2:      layout_basic, roderic_lattice_a, minmay_pentomino_z2
D:3:      layout_basic, minmay_diced_spiral, uniq_sigmund
D:4:      layout_rooms, brannock_xom_greatest_gift, uniq_eustachio, uniq_pikel

Skill      XL: |  1  2  3  4  5 |
---------------+----------------+-----
Polearms       | 3 4 |  4.2
Shields        | 4 |  4.5
Fighting       | |  3.8
Armour         | |  3.9
Dodging        | |  0.8

Action                   |  1- 3 |  4- 6 || total
-------------------------+-------+-------++-------
Melee: Trident           |    82 |   146 ||   228
 Abil: Dig               |     1 |     6 ||     7
  Use: Scroll            |       |     7 ||     7
Armor: Scale mail        |    27 |    45 ||    72
Dodge: Dodged            |    21 |    37 ||    58
Block: Kite shield       |    23 |    59 ||    82

Table legend: (Time is in decaauts)
 A = Elapsed time spent in this place.
 B = Non-inter-level travel time spent in this place.
 C = Inter-level travel time spent in this place.
 D = Time resting spent in this place.
 E = Time spent auto-exploring this place.
 F = Levels seen in this place.
 G = Mean time per level.
                   A        B        C        D        E       F      G
               +--------+--------+--------+--------+--------+-----+--------+
         Total |   3240 |   3156 |     84 |    414 |   1872 |   4 |  810.0 |
       Dungeon |   3240 |   3156 |     84 |    414 |   1872 |   4 |  810.0 |
               +--------+--------+--------+--------+--------+-----+--------+

Top non-repeatable levels by time:
     D:3: 1278 daAuts
     D:1: 1010 daAuts
     D:2: 795 daAuts
     D:4: 157 daAuts
